[ AOE2 MATCH · #513580017 ]
UnrankedSpanish vs Mongols
Player's team · WIN
Rival team · LOSS
[ REPLAY ANALYSIS · EXTRACTED FROM THE RECORDED GAME ]
Feudal
—
Castle
—
Imperial
—
| APM avg | 58.1 |
| APM peak | 93 |
| eAPM avg | 30.0 |
| Villagers / military | 97 / 99 |
Focus
⚔️ 28.8% · 🌾 71.2%
Conquistador ×62 · Skirmisher ×22 · Trebuchet (Packed) ×6 · Monk ×5 · Mangonel ×3 · Spearman ×1
Feudal
10:06
Castle
20:49
Imperial
38:48
| APM avg | 48.1 |
| APM peak | 88 |
| eAPM avg | 30.2 |
| Villagers / military | 136 / 193 |
Focus
⚔️ 28.7% · 🌾 71.3%
Scout Cavalry ×54 · Cavalry Archer ×43 · Steppe Lancer ×41 · Archer ×25 · Mangudai ×14 · Battering Ram ×11
Match map
Initial resources + every placement click. Lines = walls · curves = elevation contours. ◆ gold · ⬟ stone · ● berries · ✦ relic · ◌ wall gap
Your base· Open — unwalled flank
anti.orthographe's base· Open — unwalled flank
Smoothed initial terrain · ◌ = detected wall gap · hover for details
Inputs per minute
— Leon - - anti.orthographe
Build order — Leon
First 150 of 373 actions detected
| 0:01 | Queue | Villager (Male) |
| 0:01 | Queue | Villager (Male) |
| 0:02 | Build | House |
| 0:06 | Build | House |
| 0:08 | Build | House |
| 0:19 | Queue | Villager (Male) |
| 0:19 | Queue | Villager (Male) |
| 0:43 | Research | Loom |
| 0:52 | Queue | Villager (Male) |
| 0:52 | Queue | Villager (Male) |
| 1:28 | Build | Palisade Wall |
| 1:29 | Build | Palisade Wall |
| 1:29 | Build | Palisade Wall |
| 1:29 | Build | Palisade Wall |
| 1:30 | Build | Palisade Wall |
| 1:30 | Build | Palisade Wall |
| 1:30 | Build | Palisade Wall |
| 1:30 | Build | Palisade Wall |
| 1:31 | Build | Palisade Wall |
| 1:31 | Build | Palisade Wall |
| 1:31 | Build | Palisade Wall |
| 1:32 | Build | Palisade Wall |
| 1:36 | Queue | Villager (Male) |
| 1:36 | Queue | Villager (Male) |
| 1:41 | Build | House |
| 2:21 | Queue | Villager (Male) |
| 2:55 | Queue | Villager (Male) |
| 3:56 | Queue | Villager (Male) |
| 4:10 | Queue | Villager (Male) |
| 4:26 | Queue | Villager (Male) |
| 4:26 | Queue | Villager (Male) |
| 4:37 | Queue | Villager (Male) |
| 4:46 | Build | Lumber Camp |
| 5:12 | Queue | Villager (Male) |
| 5:19 | Queue | Villager (Male) |
| 5:19 | Queue | Villager (Male) |
| 5:35 | Queue | Villager (Male) |
| 5:35 | Queue | Villager (Male) |
| 5:41 | Build | House |
| 5:44 | Build | Palisade Wall |
| 6:35 | Queue | Villager (Male) |
| 6:47 | Queue | Villager (Male) |
| 7:04 | Build | Palisade Wall |
| 7:19 | Build | Palisade Wall |
| 7:32 | Queue | Villager (Male) |
| 7:47 | Build | Mill |
| 8:10 | Queue | Villager (Male) |
| 8:22 | Build | House |
| 8:39 | Queue | Villager (Male) |
| 9:10 | Build | House |
| 9:26 | Research | Feudal Age |
| 9:26 | Research | Feudal Age |
| 9:43 | Build | House |
| 9:59 | Queue | Villager (Male) |
| 10:07 | Build | House |
| 10:10 | Build | House |
| 10:37 | Build | Barracks |
| 11:07 | Queue | Villager (Male) |
| 11:14 | Build | House |
| 11:17 | Queue | Villager (Male) |
| 11:38 | Queue | Spearman |
| 11:43 | Research | Double-Bit Axe |
| 11:43 | Research | Double-Bit Axe |
| 11:44 | Build | House |
| 12:07 | Queue | Villager (Male) |
| 12:14 | Build | House |
| 12:19 | Queue | Villager (Male) |
| 12:52 | Build | Archery Range |
| 12:57 | Queue | Villager (Male) |
| 13:00 | Build | House |
| 13:19 | Queue | Villager (Male) |
| 13:35 | Build | House |
| 13:39 | Build | House |
| 13:43 | Queue | Skirmisher |
| 13:48 | Queue | Skirmisher |
| 13:59 | Queue | Skirmisher |
| 14:22 | Queue | Villager (Male) |
| 14:33 | Build | Blacksmith |
| 14:39 | Build | Watch Tower |
| 14:52 | Queue | Skirmisher |
| 15:14 | Research | Fletching |
| 15:24 | Queue | Villager (Male) |
| 15:49 | Build | Mining Camp |
| 15:51 | Queue | Villager (Male) |
| 15:59 | Queue | Villager (Male) |
| 16:24 | Build | Farm |
| 16:24 | Build | Farm |
| 16:25 | Build | Farm |
| 16:36 | Build | Farm |
| 16:58 | Build | Farm |
| 17:00 | Build | Farm |
| 17:05 | Queue | Villager (Male) |
| 17:20 | Queue | Villager (Male) |
| 17:33 | Build | Market |
| 17:40 | Queue | Villager (Male) |
| 17:42 | Build | Farm |
| 17:49 | Build | Farm |
| 17:52 | Queue | Villager (Male) |
| 18:12 | Build | Farm |
| 18:18 | Build | Farm |
| 18:25 | Build | Farm |
| 18:31 | Build | Palisade Wall |
| 18:52 | Build | Farm |
| 19:06 | Research | Castle Age |
| 19:14 | Build | House |
| 19:43 | Build | Archery Range |
| 19:57 | Build | Palisade Wall |
| 20:01 | Research | Padded Archer Armor |
| 20:05 | Queue | Villager (Male) |
| 20:23 | Build | Mining Camp |
| 20:26 | Queue | Skirmisher |
| 20:36 | Build | Palisade Gate |
| 20:43 | Queue | Skirmisher |
| 20:43 | Queue | Skirmisher |
| 20:45 | Queue | Villager (Male) |
| 21:18 | Queue | Skirmisher |
| 21:19 | Queue | Skirmisher |
| 21:20 | Queue | Villager (Male) |
| 21:29 | Build | House |
| 21:32 | Build | House |
| 21:37 | Build | House |
| 21:38 | Build | House |
| 21:50 | Research | Elite Skirmisher (upgrade) |
| 21:50 | Research | Elite Skirmisher (upgrade) |
| 21:51 | Research | Bodkin Arrow |
| 21:51 | Research | Bodkin Arrow |
| 21:53 | Queue | Skirmisher |
| 21:53 | Queue | Skirmisher |
| 21:59 | Build | House |
| 22:01 | Build | House |
| 22:13 | Queue | Skirmisher |
| 22:13 | Queue | Skirmisher |
| 22:29 | Queue | Villager (Male) |
| 22:32 | Queue | Villager (Male) |
| 22:37 | Build | Siege Workshop |
| 22:52 | Queue | Villager (Male) |
| 23:11 | Queue | Mangonel |
| 23:20 | Queue | Villager (Male) |
| 23:54 | Queue | Villager (Male) |
| 24:07 | Build | Town Center |
| 24:29 | Queue | Mangonel |
| 24:29 | Queue | Mangonel |
| 24:56 | Queue | Skirmisher |
| 25:19 | Queue | Villager (Male) |
| 25:19 | Queue | Villager (Male) |
| 25:44 | Research | Wheelbarrow |
| 25:44 | Queue | Villager (Male) |
| 25:55 | Queue | Skirmisher |
| 26:04 | Queue | Villager (Male) |
| 26:45 | Research | Gold Mining |
Build order — anti.orthographe
First 150 of 503 actions detected
| 0:01 | Queue | Villager (Male) |
| 0:02 | Build | House |
| 0:03 | Build | House |
| 0:12 | Queue | Villager (Male) |
| 0:13 | Queue | Villager (Male) |
| 0:14 | Queue | Villager (Male) |
| 1:39 | Queue | Villager (Male) |
| 1:55 | Build | Mill |
| 1:57 | Build | House |
| 2:05 | Queue | Villager (Male) |
| 2:09 | Research | Loom |
| 2:21 | Queue | Villager (Male) |
| 3:58 | Queue | Villager (Male) |
| 4:14 | Queue | Villager (Male) |
| 4:29 | Build | Lumber Camp |
| 4:48 | Queue | Villager (Male) |
| 4:56 | Queue | Villager (Male) |
| 5:09 | Queue | Villager (Male) |
| 5:37 | Queue | Villager (Male) |
| 5:44 | Queue | Villager (Male) |
| 7:06 | Queue | Villager (Male) |
| 7:08 | Queue | Villager (Male) |
| 7:37 | Build | Mining Camp |
| 7:50 | Research | Feudal Age |
| 8:36 | Build | Barracks |
| 8:40 | Queue | Villager (Male) |
| 9:00 | Build | House |
| 9:16 | Queue | Villager (Male) |
| 10:06 | Age | Feudal Age |
| 10:08 | Build | Archery Range |
| 10:11 | Research | Double-Bit Axe |
| 10:23 | Queue | Villager (Male) |
| 10:52 | Queue | Villager (Male) |
| 10:56 | Queue | Archer |
| 10:57 | Queue | Archer |
| 11:03 | Build | Mill |
| 11:09 | Build | Farm |
| 11:32 | Build | Farm |
| 11:40 | Build | House |
| 11:44 | Queue | Archer |
| 11:57 | Queue | Villager (Male) |
| 12:02 | Build | Farm |
| 12:03 | Queue | Archer |
| 12:03 | Queue | Archer |
| 12:27 | Queue | Villager (Male) |
| 12:28 | Build | Farm |
| 12:37 | Queue | Archer |
| 12:47 | Build | Blacksmith |
| 12:51 | Queue | Villager (Male) |
| 13:08 | Queue | Villager (Male) |
| 13:17 | Build | Farm |
| 13:36 | Queue | Villager (Male) |
| 13:44 | Build | Farm |
| 13:46 | Build | House |
| 13:51 | Research | Fletching |
| 14:11 | Queue | Villager (Male) |
| 14:16 | Build | House |
| 14:18 | Build | House |
| 14:20 | Queue | Archer |
| 14:21 | Queue | Archer |
| 14:23 | Queue | Villager (Male) |
| 15:10 | Queue | Archer |
| 15:10 | Queue | Archer |
| 15:12 | Build | Farm |
| 15:12 | Build | Farm |
| 15:12 | Build | Farm |
| 15:13 | Queue | Villager (Male) |
| 15:26 | Queue | Villager (Male) |
| 15:29 | Build | Farm |
| 15:31 | Queue | Archer |
| 15:50 | Queue | Villager (Male) |
| 15:58 | Build | Farm |
| 16:29 | Queue | Villager (Male) |
| 16:33 | Build | Farm |
| 16:48 | Queue | Villager (Male) |
| 16:52 | Build | Market |
| 17:00 | Build | Palisade Wall |
| 17:03 | Queue | Villager (Male) |
| 17:23 | Build | Farm |
| 17:31 | Build | Farm |
| 17:34 | Queue | Villager (Male) |
| 18:02 | Research | Castle Age |
| 18:05 | Queue | Archer |
| 18:07 | Queue | Archer |
| 18:28 | Build | Archery Range |
| 18:35 | Queue | Villager (Male) |
| 18:38 | Research | Padded Archer Armor |
| 18:48 | Build | House |
| 18:56 | Build | Farm |
| 18:59 | Queue | Villager (Male) |
| 19:07 | Queue | Archer |
| 19:14 | Build | House |
| 19:16 | Build | House |
| 19:20 | Build | Palisade Wall |
| 19:23 | Queue | Archer |
| 19:25 | Queue | Archer |
| 19:42 | Queue | Archer |
| 20:11 | Build | Farm |
| 20:49 | Age | Castle Age |
| 20:53 | Build | Siege Workshop |
| 20:56 | Research | Crossbowman (upgrade) |
| 21:04 | Research | Bodkin Arrow |
| 21:05 | Research | Bodkin Arrow |
| 21:10 | Queue | Villager (Male) |
| 21:39 | Queue | Mangonel |
| 21:39 | Queue | Mangonel |
| 21:41 | Queue | Archer |
| 22:01 | Queue | Villager (Male) |
| 22:09 | Queue | Mangonel |
| 22:10 | Queue | Villager (Male) |
| 22:12 | Build | Farm |
| 22:33 | Queue | Villager (Male) |
| 22:38 | Build | Mining Camp |
| 22:40 | Queue | Villager (Male) |
| 22:49 | Queue | Archer |
| 22:49 | Queue | Archer |
| 22:52 | Queue | Villager (Male) |
| 23:04 | Queue | Villager (Male) |
| 23:23 | Queue | Archer |
| 23:26 | Queue | Villager (Male) |
| 23:26 | Queue | Villager (Male) |
| 23:53 | Queue | Archer |
| 23:53 | Queue | Archer |
| 23:53 | Queue | Archer ×2 |
| 23:54 | Queue | Villager (Male) |
| 23:57 | Build | Farm |
| 23:58 | Build | House |
| 24:05 | Queue | Villager (Male) |
| 24:11 | Research | Bow Saw |
| 24:26 | Queue | Villager (Male) |
| 24:35 | Queue | Villager (Male) |
| 24:39 | Queue | Villager (Male) |
| 24:57 | Queue | Villager (Male) |
| 25:05 | Queue | Villager (Male) |
| 25:13 | Build | Castle |
| 25:28 | Queue | Villager (Male) |
| 25:36 | Queue | Villager (Male) |
| 25:47 | Build | Castle |
| 25:49 | Build | Farm |
| 25:55 | Queue | Mangonel |
| 26:14 | Queue | Villager (Male) |
| 26:29 | Queue | Mangudai ×2 |
| 26:31 | Queue | Villager (Male) |
| 27:05 | Build | Town Center |
| 27:06 | Queue | Villager (Male) |
| 27:10 | Build | Farm |
| 27:22 | Queue | Villager (Male) |
| 27:44 | Queue | Mangudai |
| 27:44 | Queue | Mangudai |
| 27:49 | Build | Farm |
Match timeline
| 1:28 | Leon · wall_segment Palisade Wall x1 |
| 1:29 | Leon · wall_segment Palisade Wall x2 |
| 1:29 | Leon · wall_segment Palisade Wall x2 |
| 1:29 | Leon · wall_segment Palisade Wall x1 |
| 1:30 | Leon · wall_segment Palisade Wall x2 |
| 1:30 | Leon · wall_segment Palisade Wall x1 |
| 1:30 | Leon · wall_segment Palisade Wall x2 |
| 1:30 | Leon · wall_segment Palisade Wall x2 |
| 1:31 | Leon · wall_segment Palisade Wall x2 |
| 1:31 | Leon · wall_segment Palisade Wall x2 |
| 1:31 | Leon · wall_segment Palisade Wall x1 |
| 1:32 | Leon · wall_segment Palisade Wall x1 |
| 5:44 | Leon · wall_segment Palisade Wall x9 |
| 7:04 | Leon · wall_segment Palisade Wall x1 |
| 7:19 | Leon · wall_segment Palisade Wall x8 |
| 8:36 | anti.orthographe · first_building Barracks |
| 10:06 | anti.orthographe · age_up feudal |
| 10:08 | anti.orthographe · first_building Archery Range |
| 10:37 | Leon · first_building Barracks |
| 12:52 | Leon · first_building Archery Range |
| 17:00 | anti.orthographe · wall_segment Palisade Wall x15 |
| 17:56 | anti.orthographe · first_market_buy 100 food |
| 18:31 | Leon · wall_segment Palisade Wall x7 |
| 18:36 | Leon · first_market_buy 100 food |
| 19:20 | anti.orthographe · wall_segment Palisade Wall x1 |
| 19:57 | Leon · wall_segment Palisade Wall x11 |
| 20:49 | anti.orthographe · age_up castle |
| 20:53 | anti.orthographe · first_building Siege Workshop |
| 21:37 | anti.orthographe · first_market_sell 100 food |
| 22:37 | Leon · first_building Siege Workshop |
| 25:13 | anti.orthographe · first_building Castle |
| 30:26 | anti.orthographe · first_building Stable |
| 31:01 | Leon · first_building Castle |
| 33:31 | Leon · first_building Monastery |
| 34:14 | Leon · wall_segment Palisade Wall x1 |
| 38:48 | anti.orthographe · age_up imperial |
| 39:47 | anti.orthographe · first_building Monastery |
| 40:20 | Leon · first_building Stable |
| 50:42 | anti.orthographe · resign |
[ AI ANALYSIS · 1 CREDIT ]
What really happened in this match?
Wolo.gg analyzes every decision: build order, eco, micro, common mistakes by bracket. Personalized analysis on WhatsApp or Discord in 30 seconds.
Civ guide
Spanish
Perfil
Jugador #4674295